 Dungeon Crawl Stone Soup version 0.29.1-1-gd02db6906a (webtiles) character file.

Game seed: 4854273813200915013

188 Sanktem7 the Trooper (level 5, -2/50 HPs)
             Began as a Minotaur Fighter on Oct 2, 2022.
             Was an Initiate of Okawaru.
             Slain by a jackal (3 damage)
             ... on level 4 of the Dungeon.
             The game lasted 00:02:23 (2146 turns).

Sanktem7 the Trooper (Minotaur Fighter)             Turns: 2146, Time: 00:02:23

Health: -2/50      AC:  6    Str: 23    XL:     5   Next: 39%
Magic:  4/4        EV:  9    Int:  5    God:    Okawaru [......]
Gold:   183        SH:  4    Dex:  9    Spells: 4/4 levels left

rFire   . . .      SeeInvis .   a - +0 war axe {axe}
rCold   . . .      Faith    .   c - +0 buckler
rNeg    . . .      Spirit   .   b - +0 scale mail
rPois   .          Reflect  .   (helmet restricted)
rElec   .          Harm     .   (no cloak)
rCorr   +          Rampage  .   (no gloves)
Will    .....                   (no boots)
Stlth   ..........              s - amulet of regeneration {@e2}
HPRegen 0.96/turn               n - ring of resist corrosion
MPRegen 0.09/turn               (no ring)

@: no status effects
A: horns 2, retaliatory headbutt
a: Renounce Religion


You were on level 4 of the Dungeon.
You worshipped Okawaru.
Okawaru was noncommittal.
You visited 1 branch of the dungeon, and saw 4 of its levels.

You collected 183 gold pieces.


Innate Abilities, Weirdness & Mutations

You have a pair of horns on your head.
You reflexively headbutt those who attack you in melee.


   Skills:
 * Level 5.8 Fighting
 * Level 5.1 Axes
 - Level 3.6 Armour
 - Level 3.6 Shields


You had 4 spell levels left.
You didn't know any spells.
Your spell library contained the following spells:

 Spells                   Type           Power      Damage    Failure   Level
 Foxfire                  Conj/Fire      0%         2x1d4     86%         1
 Conjure Flame            Conj/Fire      0%         6-21      99%         3
 Dazzling Flash           Conj/Hex       0%         N/A       99%         3
 Ignite Poison            Fire/Tmut/Pois 0%         N/A       99%         3
 Inner Flame              Hex/Fire       0%         N/A       99%         3
 Flame Wave               Conj/Fire      0%         2d4       100%        4
 Sticky Flame             Conj/Fire      0%         2d3       100%        4
 Agony                    Necr           0%         N/A       100%        5
 Iskenderun's Battlesphe  Conj           0%         2d6       100%        5
 Silence                  Hex/Air        0%         N/A       100%        5
 Iron Shot                Conj/Erth      0%         9d1       100%        6
 Spellforged Servitor     Conj/Summ      Unusable   N/A       N/A         7

Inventory:

Hand Weapons
 a - a +0 war axe (weapon) {axe}
Missiles
 f - 2 poisoned darts (quivered) {throwing}
 i - 27 stones {throwing}
 q - 2 boomerangs {throwing}
Armour
 b - a +0 scale mail (worn)
 c - a +0 buckler (worn)
 j - a +0 chain mail
   (You found it on level 1 of the Dungeon)
Jewellery
 n - a ring of resist corrosion (left hand)
   (You found it on level 2 of the Dungeon)
 s - an amulet of regeneration (around neck) {@e2}
   (You found it on level 3 of the Dungeon)
Scrolls
 e - 2 scrolls of identify {unknown}
 k - 2 scrolls of immolation {unknown}
 m - a scroll of amnesia {unknown}
 o - 2 scrolls of enchant weapon {unknown}
 p - a scroll of silence {unknown}
 r - a scroll of teleportation {unknown}
Potions
 d - a potion of might
 g - a potion of magic {unknown}
 h - 2 potions of lignification {unknown}
 l - 2 potions of flight {unknown}
 t - a potion of haste {unknown}

Dungeon Overview and Level Annotations

Branches:
Dungeon (4/15) Zot: 21817
 Temple: D:4-7

Altars:
Okawaru

Shops:
D:4 [

Annotations:
D:4 Pikel

...##.......###...##.
...#.......# #...###
...........# #......
###...#...#####.###
#########....#....##.###
............##..#.......
.............#+#........
......hh..###≈.##......)
......K@...#≈≈.###...<..
......555..+..∩..+.#.###
.......r..####.≈≈##...
##.....#.... .≈#......
#....h...#... ####.....
.........##.... #..
.......... .... ...
....... .. ... #..


You could see Pikel, 3 lemures, a quokka and 3 jackals.


Message History

Items here: ))) ††.
You pick up a book of Power and begin reading...
You add the spells Iskenderun's Battlesphere and Iron Shot to your library. 😎 HP[+38]
Your hp is fully restored (50).
Found a stone staircase leading down.
Found Qutwoti's Antique Armour Emporium.
Found a stone staircase leading down.
A lemure comes into view.
The lemure shouts!
You hear a shout! x2
A lemure comes into view.
Pikel, Merchant of Souls comes into view.
He is wielding a +2 whip of flaming.
A lemure comes into view.
A lemure comes into view.
Pikel shouts!
The lemure barely misses you. You furiously retaliate!
You headbutt the lemure.
A quokka comes into view.
You hit the lemure. The lemure closely misses you.
The lemure hits you but does no damage.
You closely miss the lemure. You headbutt the lemure!
A jackal comes into view.
You block the lemure's attack.
You barely miss the lemure.
The jackal barks!
You slash the lemure! The lemure completely misses you.
The lemure barely misses you.
You barely miss the lemure. You headbutt the lemure!
You barely miss the lemure.
An ufetubus comes into view.
The lemure hits you!
A jackal comes into view.
The ufetubus moves out of view. 😕 HP[-8]
You take 8 damage, and now have 42/50 hp.
The jackal barks!
You hit the lemure but do no damage. You barely miss the lemure.
You closely miss the lemure. The lemure hits you.
You block the lemure's attack. The lemure hits you but does no damage.
The lemure barely misses you. The lemure hits you.
The lemure hits you but does no damage. 😮 HP[-7]
You take 7 damage, and now have 35/50 hp.
You closely miss Pikel. You hit the lemure. You miss the lemure.
You barely miss the lemure. The lemure hits you. Pikel closely misses you.
The lemure closely misses you. You furiously retaliate!
You headbutt the lemure, but do no damage.
The lemure hits you but does no damage. 😮 HP[-1]
You take 1 damage, and now have 34/50 hp.
You closely miss Pikel. You closely miss the lemure. You hit the lemure.
You slash the lemure! x2
You kill the lemure!
That felt strangely unrewarding.
The lemure hits you but does no damage.
Pikel hits you with a +2 whip of flaming.
Pikel burns you. The lemure barely misses you.
The lemure closely misses you. 😮 HP[-5]
You take 5 damage, and now have 29/50 hp.
You slash Pikel! You headbutt Pikel! You barely miss the lemure.
You hit the lemure but do no damage. You miss the lemure. The lemure hits you.
Pikel hits you but does no damage. The lemure closely misses you.
The lemure barely misses you. The jackal bites you.
* * * LOW HITPOINT WARNING * * *
The lemure hits you.
* * * LOW HITPOINT WARNING * * *
Pikel hits you but does no damage. You block the lemure's attack.
The lemure hits you.
* * * LOW HITPOINT WARNING * * *
😨 HP[-10]
You take 10 damage, and now have 19/50 hp.
You closely miss Pikel. You barely miss the lemure.
You closely miss the lemure. You hit the jackal.
You hit the lemure but do no damage. The lemure misses you.
Pikel closely misses you. You furiously retaliate!
You headbutt Pikel, but do no damage. The lemure barely misses you. x2
A jackal comes into view. 😨 HP[+1]
You hit Pikel but do no damage. You closely miss the jackal.
You closely miss the lemure. You hit the lemure. You barely miss the lemure.
The jackal closely misses you. The lemure closely misses you.
You furiously retaliate!
You headbutt the lemure!
Pikel hits you with a +2 whip of flaming!
* * * LOW HITPOINT WARNING * * *
Pikel burns you.
* * * LOW HITPOINT WARNING * * *
You block the lemure's attack.
The lemure hits you but does no damage. 😱 HP[-9]
You take 9 damage, and now have 11/50 hp.
You hit Pikel. You completely miss the jackal. You slash the lemure!
You barely miss the jackal. You barely miss the lemure.
You closely miss the lemure.
The jackal bites you but does no damage.
The lemure hits you!
* * * LOW HITPOINT WARNING * * *
Pikel hits you with a +2 whip of flaming.
* * * LOW HITPOINT WARNING * * *
Pikel burns you.
* * * LOW HITPOINT WARNING * * *
The lemure hits you but does no damage. The lemure closely misses you.
The jackal bites you.
You die...

Skill      XL: |  1  2  3  4 |
---------------+-------------+-----
Fighting       | 4 5 |  5.8
Axes           | 3 4 5 |  5.1
Armour         | |  3.6
Shields        | |  3.6

Action                   |  1- 3 |  4- 6 || total
-------------------------+-------+-------++-------
Melee: War axe           |    75 |    23 ||    98
       Headbutt          |     9 |     5 ||    14
Armor: Scale mail        |    28 |    22 ||    50
Dodge: Dodged            |    38 |    20 ||    58
Block: Buckler           |    16 |     6 ||    22

Levels and vault maps discovered:
D:1:      onia_arrival_mini_maze, layout_basic
D:2:      layout_rooms, basic_altar,
          hellmonk_ecumenical_altar_pennies_from_heaven, serial_forest,
          infiniplex_forest_clump_diagonal, infiniplex_forest_clump_cross,
          infiniplex_forest_lined_room_, infiniplex_forest_zigzag_1,
          infiniplex_forest_lined_2, infiniplex_forest_lined_4_way,
          infiniplex_forest_straight_3, infiniplex_forest_lined_corner
D:3:      layout_rooms
D:4:      layout_rooms, serial_shops, nicolae_shop_hallway_plus, serial_bayou,
          serial_bayou_lagoon_a, serial_bayou_shore_b, serial_bayou_shore_a,
          serial_bayou_ford_a, minmay_misc_feat_columns,
          nicolae_figureground_sparkle, uniq_pikel, uniq_eustachio, uniq_ijyb

Notes
Turn   | Place    | Note
-------+----------+-------------------------------------------
     0 | D:1      | Sanktem7 the Minotaur Fighter began the quest for the Orb.
     0 | D:1      | Reached XP level 1. HP: 19/19 MP: 0/0
     0 | D:1      | magus.rc [v1.9.6]
   449 | D:1      | Reached skill level 4 in Fighting
   495 | D:1      | Reached skill level 3 in Axes
   495 | D:1      | Reached XP level 2. HP: 27/27 MP: 1/1
   938 | D:2      | You pick up a book of Flames and begin reading...
   938 | D:2      | You add the spells Foxfire, Conjure Flame, Inner Flame and
                  | Flame Wave to your library.
   982 | D:2      | Found an iron altar of Okawaru.
  1010 | D:2      | Became a worshipper of Warmaster Okawaru
  1213 | D:2      | Found a faded altar of an unknown god.
  1219 | D:2      | Reached XP level 3. HP: 31/34 MP: 2/2
  1391 | D:2      | You pick up a book of the Senses and begin reading...
  1391 | D:2      | You add the spells Dazzling Flash, Agony and Silence to
                  | your library.
  1896 | D:3      | Reached skill level 4 in Axes
  2021 | D:3      | You add the spells Ignite Poison and Sticky Flame to your
                  | library.
  2039 | D:4      | Reached XP level 4. HP: 39/41 MP: 3/3
  2041 | D:4      | Noticed an ogre
  2044 | D:4      | Reached skill level 5 in Fighting
  2049 | D:4      | HP: 9/42 [ogre/+0 giant spiked club (24)]
  2050 | D:4      | Killed an ogre
  2051 | D:4      | Reached skill level 5 in Axes
  2051 | D:4      | Reached XP level 5. HP: 12/50 MP: 4/4
  2100 | D:4      | You pick up a book of Power and begin reading...
  2100 | D:4      | You add the spells Iskenderun's Battlesphere and Iron Shot
                  | to your library.
  2131 | D:4      | Found Qutwoti's Antique Armour Emporium.
  2132 | D:4      | Noticed a lemure
  2133 | D:4      | Noticed a lemure
  2134 | D:4      | Noticed Pikel
  2134 | D:4      | Noticed a lemure
  2135 | D:4      | Noticed a lemure
  2142 | D:4      | Killed a lemure
  2145 | D:4      | HP: 11/50 [Pikel/+2 whip of flaming (2)]
  2146 | D:4      | HP: 2/50 [Pikel/+2 whip of flaming (4)]
  2146 | D:4      | Slain by a jackal

Vanquished Creatures
  An ogre (D:4)
  A lemure (D:4)
  A hound (D:4)
  3 adders
  A dart slug (D:4)
  An orc (D:3)
  3 endoplasms
  4 giant cockroaches
  4 goblins
  3 hobgoblins
  2 jackals (D:2)
  4 quokkas
  3 ball pythons
  3 bats (D:1)
  2 frilled lizards
  4 kobolds
  7 rats
47 creatures vanquished.

Vanquished Creatures (others)
  6 plants
6 creatures vanquished.

Grand Total: 53 creatures vanquished

Table legend:
 A = Non-vault XP
 B = Vault XP
 C = Vault XP percentage of total XP
 D = Non-vault monster count
 E = Vault monster count
 F = Vault count percentage of total count
                 A         B        C        D         E       F
            +---------+---------+-------+---------+---------+-------
      Total |     269 |       0 |   0.0 |      46 |       0 |   0.0
            +---------+---------+-------+---------+---------+-------
        D:1 |      15 |       0 |   0.0 |      11 |       0 |   0.0
        D:2 |      34 |       0 |   0.0 |      14 |       0 |   0.0
        D:3 |      45 |       0 |   0.0 |      14 |       0 |   0.0
        D:4 |     175 |       0 |   0.0 |       7 |       0 |   0.0
            +---------+---------+-------+---------+---------+-------

Illustrated notes

Table legend:
 A = Kills in this place as a percentage of kills in entire the game.
 B = Kills by you in this place as a percentage of kills by you in the entire game.
 C = Kills by friends in this place as a percentage of kills by friends in the entire game.
 D = Other kills in this place as a percentage of other kills in the entire game.
 E = Experience gained in this place as a percentage of experience gained in the entire game.
 F = Experience gained in this place divided by the number of levels of this place that you have seen.
                   A       B       C       D       E      F
               +-------+-------+-------+-------+-------+----------------------
         Total | 100.0 | 100.0 |   N/A |   N/A | 100.0 |  67.2
       Dungeon | 100.0 | 100.0 |   N/A |   N/A | 100.0 |  67.2
               +-------+-------+-------+-------+-------+----------------------

Table legend: (Time is in decaauts)
 A = Elapsed time spent in this place.
 B = Non-inter-level travel time spent in this place.
 C = Inter-level travel time spent in this place.
 D = Time resting spent in this place.
 E = Time spent auto-exploring this place.
 F = Levels seen in this place.
 G = Mean time per level.
                   A        B        C        D        E       F      G
               +--------+--------+--------+--------+--------+-----+--------+
         Total |   2181 |   2081 |    100 |      0 |   1780 |   4 |  545.2 |
       Dungeon |   2181 |   2081 |    100 |      0 |   1780 |   4 |  545.2 |
               +--------+--------+--------+--------+--------+-----+--------+

Top non-repeatable levels by time:
     D:2: 818 daAuts
     D:1: 802 daAuts
     D:3: 440 daAuts
     D:4: 119 daAuts
